 Dungeon Crawl Stone Soup version 0.23-a0-303-gfcac5de (webtiles) character file.

69 tsouns the Magician (level 4, -1/29 HPs)
             Began as an Octopode Wanderer on Oct 8, 2018.
             Slain by a gnoll
             ... wielding a +0 whip
              (10 damage)
             ... on level 1 of the Dungeon.
             The game lasted 00:04:25 (1538 turns).

tsouns the Magician (Octopode Wanderer)             Turns: 1538, Time: 00:04:25

Health: -1/29      AC:  1    Str:  9    XL:     4   Next: 20%
Magic:  1/8        EV: 12    Int: 16    God:
Gold:   98         SH:  0    Dex: 12    Spells: 4/9 levels left

rFire    . . .     SeeInvis .   b - +0 spear
rCold    . . .     Gourm    .   (no shield)
rNeg     . . .     Faith    .   (helmet restricted)
rPois    .         Spirit   .   (no amulet)
rElec    .         Reflect  .   (no ring)
rCorr    .         Harm     .   (no ring)
MR       .....                  (no ring)
Stlth    +++.......             (no ring)
HPRegen  0.09/turn              (no ring)
MPRegen  0.11/turn              (no ring)
                                (no ring)
                                (no ring)

@: very slightly contaminated
A: almost no armour, stealthy swim, amphibious, 8 rings, constrict 8, camouflage
1, gelatinous body 1
a: no special abilities


You were on level 1 of the Dungeon.
You were not hungry.

You visited 1 branch of the dungeon, and saw 2 of its levels.

You collected 98 gold pieces.

Inventory:

Hand Weapons
 b - a +0 spear (weapon)
Missiles
 a - 2 needles of confusion
 e - 93 stones (quivered)
 h - 29 bolts
Armour
 m - a +0 shield
Scrolls
 c - a scroll of teleportation
 j - a scroll of remove curse
 l - a scroll of enchant armour {unknown}
Potions
 f - a potion of brilliance
 g - a potion of degeneration
 k - a potion of invisibility {unknown}
 n - a potion of agility {unknown}
 o - a potion of lignification {unknown}
Comestibles
 d - a ration


   Skills:
 - Level 2.0 Fighting
 - Level 1.0 Polearms
 - Level 1.0 Dodging
 - Level 1.3 Stealth
 - Level 1.0 Shields
 + Level 3.1 Spellcasting
 + Level 2.4 Conjurations
   Level 1.0 Air Magic
   Level 1.1 Evocations


You had 4 spell levels left.
You knew the following spells:

 Your Spells              Type           Power        Failure   Level  Hunger
a - Magic Dart            Conj           ##..         7%          1    None
b - Blink                 Tloc           N/A          28%         2    ##.....
c - Call Imp              Summ           #.......     28%         2    ##.....

Your spell library contained the following spells:

 Spells                   Type           Power        Failure   Level  Hunger
 Slow                     Hex            #.......     28%         2    ##.....
 Conjure Flame            Conj/Fire      #.......     32%         3    ###....
 Mephitic Cloud           Conj/Pois/Air  #.......     34%         3    ###....


Dungeon Overview and Level Annotations

Branches:
Dungeon (2/15)

Altars:
Fedhas


Innate Abilities, Weirdness & Mutations

You cannot wear most types of armour.
You are very stealthy in the water. (Stealth+)
You are amphibious.
You can wear up to eight rings at the same time.
You can use your tentacles to constrict eight enemies at once.
Your skin changes colour to match your surroundings (Stealth+).
Your rubbery body absorbs attacks. (AC +1, EV +1)


Message History

* * * LOW HITPOINT WARNING * * *
You climb upwards.
There is a stone staircase leading down here.
Casting: Call Imp (safe; 28% risk of failure)
Confirm with . or Enter, or press ? or * to list all spells.
Aiming: Magic Dart (safe; 7% risk of failure)
Press: ? - help, Shift-Dir - straight line, f - gnoll
Aim: a gnoll, wielding a whip (heavily wounded)
The magic dart hits the gnoll.
The gnoll is severely wounded.
The gnoll misses you.
Casting: Magic Dart (safe; 7% risk of failure)
Confirm with . or Enter, or press ? or * to list all spells.
Aiming: Magic Dart (safe; 7% risk of failure)
Press: ? - help, Shift-Dir - straight line, f/p - gnoll
Aim: a gnoll, wielding a whip (severely wounded)
The magic dart hits the gnoll.
The gnoll is almost dead.
The gnoll hits you with a whip!
You die...

##### ##...## ##.....##
#...@g..# #.......#
#.......##########
########...............####
#.............########.....
#..####....................
##.# #.......###########..
#.# ##.....#.....## ### #.#
##...#.......## #.


You could see a gnoll.

Vanquished Creatures
  2 adders (D:2)
  2 worms (D:2)
  A dart slug (D:1)
  A leopard gecko (D:2)
  3 giant cockroaches
  9 goblins
  5 hobgoblins
  2 jackals (D:1)
  5 kobolds
  A ball python (D:1)
  5 bats
  3 frilled lizards
  A rat (D:1)
40 creatures vanquished.

Notes
Turn   | Place    | Note
-------+----------+-------------------------------------------
     0 | D:1      | tsouns the Octopode Wanderer began the quest for the Orb.
     0 | D:1      | tsouns set off with: a +0 spear, a scroll of teleportation,
                  | a ration
     0 | D:1      | Reached XP level 1. HP: 14/14 MP: 3/3
     2 | D:1      | Learned a level 1 spell: Magic Dart
   202 | D:1      | Reached skill level 1 in Conjurations
   202 | D:1      | Reached XP level 2. HP: 17/19 MP: 1/5
   258 | D:1      | Learned a level 2 spell: Blink
   801 | D:2      | Reached XP level 3. HP: 18/24 MP: 2/7
   811 | D:2      | Learned a level 2 spell: Call Imp
  1221 | D:2      | Reached skill level 3 in Spellcasting
  1317 | D:2      | Reached XP level 4. HP: 28/29 MP: 2/8
  1466 | D:2      | Found a blossoming altar of Fedhas.
  1538 | D:1      | Slain by a gnoll

Vault maps used:
D:1:      evilmike_arrival_rings
D:2:      lemuel_crystal_altar, fedhas_altar_2, grunt_temple_overflow_open

Skill      XL: |  1  2  3 |
---------------+----------+-----
Conjurations   | 1 2 |  2.4
Spellcasting   | 3 |  3.1
Fighting       | |  2.0
Polearms       | |  1.0
Dodging        | |  1.0
Stealth        | |  1.3
Shields        | |  1.0
Air Magic      | |  1.0
Evocations     | |  1.1

Action                   |  1- 3 |  4- 6 || total
-------------------------+-------+-------++-------
Melee: Spear             |    52 |    11 ||    63
       Constrict         |    11 |     2 ||    13
       Tentacles         |     9 |     3 ||    12
 Cast: Magic Dart        |    38 |    20 ||    58
  Use: Scroll            |     5 |       ||     5
 Stab: Sleeping          |     3 |       ||     3
  Eat: Chunk             |     2 |       ||     2
Armor: Skin              |     5 |       ||     5
Dodge: Dodged            |    29 |     4 ||    33

Table legend:
 A = Non-vault XP
 B = Vault XP
 C = Vault XP percentage of total XP
 D = Non-vault monster count
 E = Vault monster count
 F = Vault count percentage of total count
                 A         B        C        D         E       F
            +---------+---------+-------+---------+---------+-------
      Total |      99 |       0 |   0.0 |      40 |       0 |   0.0
            +---------+---------+-------+---------+---------+-------
        D:1 |      33 |       0 |   0.0 |      19 |       0 |   0.0
        D:2 |      66 |       0 |   0.0 |      21 |       0 |   0.0
            +---------+---------+-------+---------+---------+-------
